 Dungeon Sprint DCSS version 0.27-a0-1196-g3e9cee4cb2 (webtiles) character file.

Game seed: 17362144952725519515

28 night the Stinger (level 3, -2/19 HPs)
             Began as a Gargoyle Venom Mage on May 29, 2021.
             Slain by a human (5 damage)
             ... in the Dungeon (Sprint III: "The Ten Rune Challenge").
             The game lasted 00:01:26 (192 turns).

night the Stinger (Gargoyle Venom Mage)              Turns: 192, Time: 00:01:27

Health: -2/19      AC:  5    Str: 11    XL:     3   Next: 12%
Magic:  4/7        EV: 12    Int: 16    God:
Gold:   0          SH:  0    Dex: 10    Spells: 1/8 levels left

rFire    . . .     SeeInvis .   j - +0 mace
rCold    . . .     Faith    .   (no shield)
rNeg     + . .     Spirit   .   a - +0 robe
rPois    ∞         Reflect  .   (no helmet)
rElec    +         Harm     .   (no cloak)
rCorr    .         Rampage  .   (no gloves)
Will     .....     NoTele   +   (no boots)
Stlth    ++........             (no amulet)
HPRegen  0.06/turn              (no ring)
MPRegen  0.10/turn              (no ring)

@: no status effects
A: sickness immunity, AC +3, negative energy resistance 1, electricity
resistance, torment resistance 1, petrification resistance
a: no special abilities


You were in the Dungeon.
You visited 1 branch

Inventory:

Hand Weapons
 i - a +0 dagger
 j - a +0 mace (weapon)
Missiles
 b - 27 sling bullets
Armour
 a - a +0 robe (worn)
Scrolls
 h - a scroll of blinking
Potions
 c - a potion of curing
 d - a potion of heal wounds
 e - a potion of haste
 f - 2 potions of magic
 g - a potion of berserk rage


   Skills:
 + Level 0.0 Fighting
 + Level 0.0 Maces & Flails
 - Level 2.6 Dodging
 - Level 3.8 Stealth
 + Level 3.1 Spellcasting
 - Level 2.1 Transmutations
 * Level 3.9 Poison Magic


You had one spell level left.
You knew the following spells:

 Your Spells              Type           Power      Damage    Failure   Level
a - Sting                 Tmut/Pois      48%        1d5       5%          1
b - Mephitic Cloud        Conj/Pois/Air  6%         N/A       32%         3
c - Ignite Poison         Fire/Tmut/Pois 9%         N/A       24%         3

Your spell library contained the following spells:

 Spells                   Type           Power      Damage    Failure   Level
 Poisonous Vapours        Pois/Air       16%        N/A       12%         2
 Olgreb's Toxic Radiance  Pois           15%        N/A       34%         4


Dungeon Overview and Level Annotations

Branches:
Dungeon (1/1)

Altars:


Innate Abilities, Weirdness & Mutations

You are immune to sickness and miasma.
Your stone body is resilient. (AC +3)
You are immune to poison.
You resist negative energy. (rN+)
You are resistant to electric shocks. (rElec)
You are resistant to unholy torment.
You are immune to petrification.


Message History

The sting hits the human.
The human looks even sicker.
The human is lightly wounded.
The human closely misses you.
The human looks more healthy.
There is an open door here.
There is an open door here.
Casting: Sting (safe; 5% risk of failure)
Confirm with . or Enter, or press ? or * to list all spells.
Aiming: Sting (safe; 5% risk of failure)
Press: ? - help, Shift-Dir - straight line, f/p - human
Aim: a human (moderately wounded, 60% to hit)
The sting hits the human.
The human is poisoned.
The human is moderately wounded.
The human hits you.
Casting: Sting (safe; 5% risk of failure)
Confirm with . or Enter, or press ? or * to list all spells.
Aiming: Sting (safe; 5% risk of failure)
Press: ? - help, Shift-Dir - straight line, f/p - human
Aim: a human (moderately wounded, poisoned, 60% to hit)
The sting misses the human.
The human barely misses you.
Casting: Sting (safe; 5% risk of failure)
Confirm with . or Enter, or press ? or * to list all spells.
Aiming: Sting (safe; 5% risk of failure)
Press: ? - help, Shift-Dir - straight line, f/p - human
Aim: a human (heavily wounded, poisoned, 60% to hit)
The sting hits the human.
The human looks even sicker.
The human is heavily wounded.
The human hits you.
There is an open door here.
You hit the human.
The human is severely wounded.
The human hits you.
You hit the human but do no damage.
The human is severely wounded.
The human hits you.
* * * LOW HITPOINT WARNING * * *
You barely miss the human.
The human is severely wounded.
The human hits you.
You die...

▓▓▓▓ ▓<.# ▓†@#
▓#p#### ▓...†.#
▓.....#...≈≈.. .♣.#
▓..[..#..≈≈≈≈♣♣...+
▓####'#..≈≈≈≈≈≈♣..#
▓.....#.≈≈≈≈≈≈....#
▓.....#.≈≈≈≈≈.....#
▓.....#.≈≈≈.......#


You could see a human (poisoned).

Vanquished Creatures
  Jessica (D)
  3 rats (D)
4 creatures vanquished.

Vanquished Creatures (others)
  2 plants (D)
2 creatures vanquished.

Grand Total: 6 creatures vanquished

Notes
Turn   | Place    | Note
-------+----------+-------------------------------------------
     0 | D        | night the Gargoyle Venom Mage began the quest for the Orb.
     0 | D        | Reached XP level 1. HP: 10/10 MP: 3/3
    30 | D        | Reached skill level 1 in Transmutations
    76 | D        | Noticed Jessica
    86 | D        | Killed Jessica
    87 | D        | Reached skill level 2 in Dodging
    87 | D        | Reached skill level 2 in Transmutations
    87 | D        | Reached XP level 2. HP: 12/15 MP: 1/6
    87 | D        | Reached XP level 3. HP: 16/19 MP: 1/7
   145 | D        | Learned a level 3 spell: Mephitic Cloud
   149 | D        | Learned a level 3 spell: Ignite Poison
   192 | D        | Slain by a human

Illustrated notes

Levels and vault maps discovered:
D:        dungeon_sprint_mu [sprint_mu_entry_forest, sprint_mu_temple_rooms,
          sprint_mu_d1_spiders, sprint_mu_d2_genie, sprint_mu_d3_branching,
          sprint_mu_orc_legion, sprint_mu_elf_gauntlet, sprint_mu_hive_nellie,
          sprint_mu_lair_fedhas, sprint_mu_vaults_butterflies,
          sprint_mu_slime_circle, sprint_mu_swamp_cave, sprint_mu_shoals_archi,
          sprint_mu_blade_basic, sprint_mu_crypt_chambers,
          sprint_mu_tomb_spiral, sprint_mu_vestibule_basic,
          sprint_mu_gehenna_hellfire, sprint_mu_dis_giant,
          sprint_mu_tartarus_statrot, sprint_mu_cocytus_islands, sprint_mu_zot1]

Skill      XL: |  1 |
---------------+----+-----
Transmutations | 2 |  2.1
Dodging        | 2 |  2.6
Stealth        | 3 |  3.8
Spellcasting   | 3 |  3.1
Poison Magic   | |  3.9

Action                   || total
-------------------------++-------
Melee: Unarmed           ||     4
       Mace              ||     3
 Cast: Sting             ||    12
Armor: Robe              ||     2
Dodge: Dodged            ||     5

Table legend: (Time is in decaauts)
 A = Elapsed time spent in this place.
 B = Non-inter-level travel time spent in this place.
 C = Inter-level travel time spent in this place.
 D = Time resting spent in this place.
 E = Time spent auto-exploring this place.
 F = Levels seen in this place.
 G = Mean time per level.
                   A        B        C        D        E       F      G
               +--------+--------+--------+--------+--------+-----+--------+
         Total |    191 |    191 |      0 |     90 |     11 |   1 |  191.0 |
       Dungeon |    191 |    191 |      0 |     90 |     11 |   1 |  191.0 |
               +--------+--------+--------+--------+--------+-----+--------+

Top non-repeatable levels by time:
       D: 191 daAuts
